 Dungeon Crawl Stone Soup version 0.24.0-35-gdb84b6a5db (webtiles) character file.

Game seed: 8735518263622496737, levelgen mode: deterministic

1496 Alldoom the Poker (level 9, -1/69 HPs)
             Began as a Human Berserker on Nov 19, 2019.
             Was a Priest of Trog.
             Succumbed to a gnoll's poison
             ... on level 7 of the Dungeon.
             The game lasted 00:56:06 (6178 turns).

Alldoom the Poker (Human Berserker)                 Turns: 6178, Time: 00:56:06

Health: -1/69      AC: 12    Str: 20    XL:     9   Next: 8%
Magic:  9/9        EV: 10    Int:  8    God:    Trog [***...]
Gold:   133        SH:  0    Dex: 13    Spells: 8/8 levels left

rFire    . . .     SeeInvis .   w - +0 trident
rCold    + . .     Gourm    .   (no shield)
rNeg     . . .     Faith    .   L - +0 chain mail {rC+}
rPois    .         Spirit   .   F - +0 helmet
rElec    .         Reflect  .   (no cloak)
rCorr    .         Harm     .   Y - +0 pair of gloves
MR       .....                  (no boots)
Stlth    ..........             p - amulet of rage
HPRegen  0.21/turn              (no ring)
MPRegen  0.11/turn              (no ring)

@: lethally poisoned (-1 -> -76), berserk cooldown, flying, slowed, very slow
A: no striking features
a: Berserk, Trog's Hand, Renounce Religion, Evoke Berserk Rage


You were on level 7 of the Dungeon.
You worshipped Trog.
Trog was most pleased with you.
You were near starving.

You visited 2 branches of the dungeon, and saw 7 of its levels.

You collected 268 gold pieces.
You spent 135 gold pieces at shops.

Inventory:

Hand Weapons
 a - a +0 spear
 h - a +0 club
 i - a +0 short sword
 k - a +0 club
 l - a +0 dagger
 m - a +0 dagger
 q - a +0 whip
 w - a +0 trident (weapon)
 E - a +3 spear of piercing
 I - a +0 falchion
 J - a +0 flail
 K - a +1 rapier of venom
 N - a +2 whip of freezing
 O - a +0 hunting sling
 R - a +4 hand crossbow
Missiles
 u - 5 bolts
 C - 141 stones (quivered)
 T - 5 boomerangs
Armour
 b - a +0 animal skin
 d - a +0 robe
 s - a +0 ring mail
 t - a +0 naga barding
 y - a +0 robe
 z - a +0 scale mail
 F - a +0 helmet (worn)
 L - a +0 chain mail of cold resistance (worn)
 P - the +1 leather armour of Fortification {Regen+, unknown}
   (You found it on level 4 of the Dungeon)

   It increases your rate of regeneration.
 U - a +0 chain mail
 Y - a +0 pair of gloves (worn)
Jewellery
 p - an amulet of rage (around neck)
 S - an uncursed ring of stealth {unknown}
Wands
 Q - a wand of disintegration (19)
 X - a wand of flame (24)
Scrolls
 e - 3 scrolls of enchant weapon {unknown}
 f - 3 scrolls of remove curse {unknown}
 g - 6 scrolls of identify {unknown}
 o - a scroll of blinking {unknown}
 A - 2 scrolls of amnesia {unknown}
 B - 2 scrolls of teleportation {unknown}
 M - a scroll of enchant armour {unknown}
 W - a scroll of immolation {unknown}
Potions
 n - 2 potions of might {unknown}
 r - a potion of flight
 v - 2 potions of curing {unknown}
 x - 2 potions of resistance {unknown}
 D - a potion of degeneration {unknown}
 G - a potion of lignification {unknown}
 H - a potion of brilliance {unknown}
Comestibles
 c - 14 rations


   Skills:
 + Level 6.0 Fighting
 + Level 6.7 Polearms
 + Level 5.3 Armour
 + Level 5.3 Dodging
 - Level 0.3 Stealth


You had 8 spell levels left.
You didn't know any spells.
Your spell library was empty.

Dungeon Overview and Level Annotations

Branches:
Dungeon (5/15)             Temple (1/1) D:4

Altars:
Ashenzari
Cheibriados
Gozag
Sif Muna
Trog
Wu Jian
Xom
Yredelemnul
Zin
The Shining One

Shops:
D:7 [

Annotations:
D:7 1 transporter, ilikeclowns's ghost, novice MiFi


Message History

The gnoll hits you but does no damage.
You are more poisoned.
The gnoll hits you but does no damage.
The gnoll hits the plant with a +0 spear.
The gnoll sergeant hits you from afar with a +1 trident of venom!
* * * LOW HITPOINT WARNING * * *
The gnoll closely misses you.
* * * LOW HITPOINT WARNING * * *
You feel extremely sick. The gnoll closely misses you.
The gnoll hits the plant but does no damage.
The gnoll sergeant hits you from afar with a +1 trident of venom.
* * * LOW HITPOINT WARNING * * *
The gnoll hits you but does no damage.
There is a fountain of clear blue water here.
You see here a +0 whip.
It was a potion of flight.
You feel very buoyant.
You fly up into the air.
You die...

#.≈≈≈≈≈≈≈≈≈≈≈≈≈≈≈≈≈≈≈≈≈≈≈≈≈..#
#.≈≈≈≈≈≈≈≈≈≈≈≈≈≈≈≈≈≈≈≈≈≈≈≈≈..#
#.≈≈#####...........#####≈≈..#
##.≈≈#.#.#.###.©.###.#.#.#≈≈..##
#..≈≈#...###g#####©###...#≈≈...#
#..≈≈###...............###≈≈...#
#..≈≈.8#.######'######.#8.≈≈...#
#..≈≈.##.#P⌠P#Pg8#=$$#.##.≈≈...#
#..≈≈.#..'.gg.g©@#:..'gW#.≈≈...##
#..≈≈.##.#P⌠P#P.8#..$#g##.≈≈.....
#..≈≈.8# ### ##g######.#8.≈≈...##
#..≈≈###.. . ..........###≈≈...#.
#..≈≈#g..# #g#####.###...#≈≈....#
#..≈≈#.#.#.###.©.###.#g#.#≈≈...##
#).≈≈#####...........#####≈≈..#.#
#..≈≈≈≈≈≈≈≈≈≈≈...≈≈≈≈≈≈≈≈≈≈≈.###.
#..≈≈≈≈≈≈≈≈≈≈≈...≈≈≈≈≈≈≈≈≈≈≈.# #


You could see 2 gnoll sergeants and 3 gnolls.

Vanquished Creatures
  Pikel (D:4)
  Eustachio (D:4)
  Duvessa (D:4)
  A slave (D:4)
  2 bullfrogs
  Dowan (D:4)
  A crimson imp (D:5)
  A hound (D:2)
  2 centaur skeletons (D:4)
  2 orc priests
  A bullfrog skeleton (D:4)
  4 orc wizards
  3 worker ants
  Robin (D:3)
  8 adders
  5 gnolls
  An ooze (D:1)
  An adder skeleton (D:4)
  2 worms
  A dart slug (D:2)
  5 leopard geckos
  9 orcs
  A ball python (D:1)
  5 bats (D:1)
  5 giant cockroaches
  11 hobgoblins
  4 jackals (D:4)
  4 quokkas
  3 frilled lizards
  17 goblins
  A jackal skeleton (D:4)
  8 kobolds
  A quokka skeleton (D:4)
  11 rats
125 creatures vanquished.

Notes
Turn   | Place    | Note
-------+----------+-------------------------------------------
     0 | D:1      | Alldoom the Human Berserker began the quest for the Orb.
     0 | D:1      | Reached XP level 1. HP: 18/18 MP: 1/1
   162 | D:1      | Reached XP level 2. HP: 8/24 MP: 2/2
   758 | D:1      | Reached XP level 3. HP: 22/29 MP: 3/3
  1296 | D:2      | Reached ** piety under Trog
  1328 | D:2      | Reached XP level 4. HP: 18/35 MP: 4/4
  2245 | D:2      | Reached XP level 5. HP: 38/42 MP: 5/5
  3426 | D:3      | Reached XP level 6. HP: 42/48 MP: 6/6
  3438 | D:3      | Noticed Robin
  3460 | D:3      | Reached *** piety under Trog
  3512 | D:3      | Killed Robin
  3984 | D:4      | Reached skill level 5 in Polearms
  4342 | D:4      | Found a staircase to the Ecumenical Temple.
  4346 | D:4      | Noticed Eustachio
  4386 | D:4      | Killed Eustachio
  4386 | D:4      | Reached XP level 7. HP: 17/55 MP: 7/7
  4805 | D:4      | Noticed Dowan
  4807 | D:4      | Noticed Duvessa
  4822 | D:4      | Killed Dowan
  4835 | D:4      | Killed Duvessa
  4835 | D:4      | Reached XP level 8. HP: 13/61 MP: 8/8
  5064 | D:4      | Found a snail-covered altar of Cheibriados.
  5127 | D:4      | Noticed Pikel
  5153 | D:4      | Killed Pikel
  5153 | D:4      | Reached skill level 5 in Fighting
  5280 | D:4      | Got a steaming leather armour
  5583 | Temple   | Entered the Ecumenical Temple
  5713 | D:5      | Entered Level 5 of the Dungeon
  5726 | D:5      | Found a shattered altar of Ashenzari.
  5753 | D:5      | Reached skill level 5 in Dodging
  5777 | D:5      | Reached skill level 5 in Armour
  5786 | D:5      | You fall into a shaft and drop 2 floors!
  5863 | D:7      | Found a glowing golden altar of the Shining One.
  5988 | D:7      | Reached XP level 9. HP: 43/69 MP: 9/9
  5993 | D:7      | Found Zeceenn's Antique Armour Shop.
  6003 | D:7      | Bought a pair of gloves for 135 gold pieces
  6020 | D:7      | Identified the +1 ring mail of the Fiend {-Cast Str+6
                  | Stlth+}
  6020 | D:7      | Identified the +1 buckler "Zeangot" {rN+ Str+4 Dex-5}
  6067 | D:7      | Found a transporter.
  6073 | D:7      | Noticed ilikeclowns's ghost (novice MiFi)
  6145 | D:7      | Found a transporter.
  6178 | D:7      | Succumbed to a gnoll's poison

Levels and vault maps discovered:
D:1:      tarquinn_simple_flora_water_c, layout_loops_ring,
          chequers_serial_rivers_marsh
D:2:      layout_basic
D:3:      layout_rooms, first_ration, uniq_robin
D:4:      layout_gridville, lemuel_crystal_altar,
          minmay_temple_entry_gardened_gates, uniq_duvessa, uniq_pikel,
          uniq_eustachio
D:5:      layout_rooms, nicolae_overflow_hidden_temple,
          nicolae_overflow_crystal_walls
D:7:      layout_loops_ring, nicolae_tso_swordbearing_angel, enter_bailey_3,
          gammafunk_ghost_gnarly_gnolls, serial_shops,
          nicolae_shop_overgrown_old_shop
Temple:   minmay_temple_curvy_loop

Skill      XL: |  1  2  3  4  5  6  7  8  9 |
---------------+----------------------------+-----
Polearms       | 4 5 6 |  6.7
Armour         | 3 4 5 |  5.3
Dodging        | 3 4 5 |  5.3
Fighting       | 4 5 6 |  6.0
Stealth        | |  0.3

Action                   |  1- 3 |  4- 6 |  7- 9 || total
-------------------------+-------+-------+-------++-------
Melee: Spear             |    99 |   166 |   124 ||   389
       Trident           |       |   147 |    59 ||   206
Throw: Stone             |       |     3 |       ||     3
Invok: Berserk           |       |     1 |     3 ||     4
       Trog's Hand       |       |     1 |     1 ||     2
  Use: Potion            |       |     2 |     4 ||     6
  Eat: Chunk             |     1 |     6 |     3 ||    10
       Ration            |       |     2 |     1 ||     3
Armor: Animal skin       |     5 |       |       ||     5
       Ring mail         |    12 |    45 |       ||    57
       Scale mail        |       |    55 |    17 ||    72
       Chain mail        |       |       |    61 ||    61
Dodge: Dodged            |    64 |   194 |    99 ||   357
